 Seeded DCSS version 0.28-a0-983-g1de4e0787c (webtiles) character file.

Game seed: 12130800008223909736 (custom seed)

60658 croobank the Severer (level 15, -4/90 HPs)
             Began as an Octopode Delver on Dec 2, 2021.
             Was an Initiate of Ashenzari.
             Slain by an ice devil (28 damage)
             ... summoned by an orc high priest
             ... on level 2 of the Orcish Mines on Dec 3, 2021.
             The game lasted 03:28:09 (14450 turns).

croobank the Severer (Octopode Delver)             Turns: 14450, Time: 03:28:11

Health: -4/90      AC: 11    Str: 22    XL:     15   Next: 0%
Magic:  15/17      EV: 18    Int: 14    God:    Ashenzari [......]
Gold:   1239       SH:  7    Dex: 14    Spells: 23/29 levels left

rFire   + + .      SeeInvis +   a - +8 war axe of Uxzaprie {spect, rPois rN++ Dex-2}
rCold   x x .      Faith    .   K - +2 buckler
rNeg    + + +      Spirit   .   I - +2 hat {Stlth+}
rPois   +          Reflect  .   q - amulet of regeneration
rElec   .          Harm     .   o - ring of fire
rCorr   .          Rampage  .   c - ring of the Tortoise {AC+8}
Will    ++...                   g - ring of willpower
Stlth   +++++++...              u - ring of see invisible
HPRegen 1.05/turn               Y - ring of fire
MPRegen 0.15/turn               Z - ring "Zeleod" {rN+ MP-9 EV+4 Str+7}
                                (no ring)
                                (no ring)

@: wereblooded
A: almost no armour, amphibious, 8 rings, camouflage 1, gelatinous body 1,
(nimble swimmer 1), tentacles
a: Renounce Religion, Curse Item


You were on level 2 of the Orcish Mines.
You worshipped Ashenzari.
Ashenzari was noncommittal.
You visited 4 branches of the dungeon, and saw 20 of its levels.

You collected 4173 gold pieces.
You spent 2934 gold pieces at shops.

Inventory:

Hand Weapons
 a - the +8 war axe of Uxzaprie (weapon) {spect, rPois rN++ Dex-2}
   (You bought it in a shop on level 6 of the Dungeon)

   When its wielder attacks, the weapon's spirit leaps out and strikes again.
   The spirit shares a part of any damage it takes with its wielder.
   Dex:       It affects your dexterity (-2).
   rPois:     It protects you from poison.
   rN:        It greatly protects you from negative energy.
 b - a +0 vorpal hunting sling
 z - a +1 scythe of protection
 G - a +6 hand axe of flaming
 L - a +6 short sword
 R - a +2 long sword of flaming
 S - a +2 falchion of electrocution
Missiles
 n - 212 arrows
 r - 37 poisoned darts
 s - 240 stones
 v - 99 sling bullets
 C - 4 curare-tipped darts (quivered)
 H - a throwing net
Armour
 I - a +2 hat of stealth (worn)
 K - a +2 buckler (worn)
Jewellery
 c - the ring of the Tortoise (right tentacle) {AC+8}
   (You bought it in a shop on level 6 of the Dungeon)

   [ring of protection]

   AC:        It affects your AC (+8).
 g - a ring of willpower (on tentacle)
 o - a ring of fire (left tentacle)
 q - an amulet of regeneration (around mantle)
 u - a ring of see invisible (on tentacle)
 Y - a ring of fire (on tentacle)
 Z - the ring "Zeleod" (on tentacle) {rN+ MP-9 EV+4 Str+7}
   (You acquired it on level 4 of the Lair of Beasts)

   [ring of evasion]

   EV:        It affects your evasion (+4).
   Str:       It affects your strength (+7).
   rN:        It protects you from negative energy.
   MP:        It affects your magic capacity (-9).
Wands
 f - a wand of digging (3)
 N - a wand of paralysis (8)
 X - a wand of polymorph (13)
Scrolls
 l - 13 scrolls of identify {identify}
 w - 5 scrolls of magic mapping
 x - 3 scrolls of fog
 y - 2 scrolls of immolation {immolation}
 D - 2 scrolls of teleportation {teleportation}
 J - 3 scrolls of holy word {holy word, unknown}
 Q - a scroll of silence {silence}
 T - 2 scrolls of enchant weapon
 V - a scroll of amnesia {unknown}
Potions
 d - a potion of heal wounds
 h - 2 potions of berserk rage
 j - a potion of brilliance {brilliance, unknown}
 k - 3 potions of cancellation {cancellation}
 m - 4 potions of flight {flight, unknown}
 p - 4 potions of lignification {lignification, unknown}
 A - a potion of magic {magic, unknown}
 M - 2 potions of curing {curing, unknown}
 O - 4 potions of mutation {mutation, unknown}
 P - 3 potions of might {might}


   Skills:
 - Level 4.0 Fighting
 - Level 7.6 Short Blades
 - Level 16.0 Axes
 - Level 1.8 Slings
 + Level 3.9 Dodging
 - Level 13.3 Stealth
 - Level 6.4 Shields
 - Level 7.6 Spellcasting
 * Level 6.1 Conjurations
 - Level 6.0 Transmutations
 - Level 6.0 Earth Magic
 - Level 8.0 Invocations
 - Level 0.1 Evocations


You had 23 spell levels left.
You knew the following spells:

 Your Spells              Type           Power      Damage    Failure   Level
a - Petrify               Tmut/Erth      22%        N/A       11%         4
b - Wereblood             Tmut           22%        N/A       1%          2

Your spell library contained the following spells:

 Spells                   Type           Power      Damage    Failure   Level
 Beastly Appendage        Tmut           44%        N/A       1%          1
 Spider Form              Tmut/Pois      13%        N/A       12%         3
 Animate Skeleton         Necr           10%        N/A       13%         1
 Apportation              Tloc           10%        N/A       13%         1
 Summon Small Mammal      Summ           20%        N/A       13%         1
 Corpse Rot               Necr/Air       10%        N/A       21%         2
 Poisonous Vapours        Pois/Air       10%        N/A       21%         2
 Iskenderun's Battlesphe  Conj           22%        2d8       30%         5
 Alistair's Intoxication  Tmut/Pois      8%         N/A       71%         5
 Fireball                 Conj/Fire      15%        3d8       71%         5
 Statue Form              Tmut/Erth      14%        N/A       86%         6
 Metabolic Englaciation   Hex/Ice        2%         N/A       98%         5
 Conjure Ball Lightning   Conj/Air       6%         3x3d6     99%         6
 Orb of Destruction       Conj           11%        9d5       100%        7


Dungeon Overview and Level Annotations

Branches:
Dungeon (11/15)            Temple (1/1) D:4            Lair (6/6) D:10
  Swamp (0/4) Lair:3        Snake (0/4) Lair:4        Slime (0/5) Lair:6
    Orc (2/2) D:11
    Elf: Orc:2

Altars:
Ashenzari
Cheibriados
Dithmenos
Elyvilon
Fedhas
Gozag
Kikubaaqudgha
Makhleb
Okawaru
Qazlal
Ru
Sif Muna
Trog
Uskayaw
Vehumet
Wu Jian
Xom
Yredelemnul
Zin
The Shining One
Jiyva

Shops:
D:6 =*[(   D:7 **(   D:9 *

Annotations:
Lair:1 exclusion: oklob plant
Lair:6 3 runed translucent doors, Igaqag's ghost, journeyman TrMo
Orc:1 exclusion: oklob plant


Innate Abilities, Weirdness & Mutations

You cannot wear most types of armour.
You are amphibious.
You can wear up to eight rings at the same time.
Your skin changes colour to match your surroundings (Stealth+).
Your rubbery body absorbs attacks. (AC +1, EV +1)
((You are camouflaged near water. (Stealth+)))
You have tentacles for arms and can constrict up to eight enemies at once.


Message History

You feel a bit better.
You kill the orc!
The orc warrior misses you.
The orc priest begins to cast a cantrip, but forgets the words!
You have reached level 15!
Your experience leads to an increase in your attributes!
Your base attributes are Str 14, Int 12, Dex 16.
Increase (S)trength, (I)ntelligence, or (D)exterity?
You feel clever. x2; You feel stronger.
The orc priest mumbles some strange prayers to Beogh against you.
Beogh smites you! The orc warrior barely misses you.
Things that are here:
a +0 whip; a +0 chain mail; an orc corpse You slice the orc warrior!!
You grab the orc warrior.
The orc warrior is almost dead.
You slash the chaos spawn! You hit the ice devil.
Your +8 war axe of Uxzaprie {spect, rPois rN++ Dex-2} hits the chaos spawn!!
You constrict the orc warrior.
You hear a shout!
You block the chaos spawn's attack. You block the ice devil's attack.
You block the orc warrior's attack.
An orc and an orc priest come into view.
You slash the orc warrior!
You feel a bit better.
You kill the orc warrior!
You hit the chaos spawn.
You kill the chaos spawn!
The chaos spawn degenerates into a cloud of primal chaos!
You hit the ice devil.
Your +8 war axe of Uxzaprie {spect, rPois rN++ Dex-2} hits the ice devil!
Your +8 war axe of Uxzaprie {spect, rPois rN++ Dex-2} hits the orc priest.
Your +8 war axe of Uxzaprie {spect, rPois rN++ Dex-2} misses the orc.
Your +8 war axe of Uxzaprie {spect, rPois rN++ Dex-2} hits the orc priest!
Your +8 war axe of Uxzaprie {spect, rPois rN++ Dex-2} hits the orc high priest.
The orc high priest hits your +8 war axe of Uxzaprie {spect, rPois rN++ Dex-2} with a +0 long sword!
Your spectral weapon shares its damage with you!
* * * LOW HITPOINT WARNING * * *
The ice devil hits you.
* * * LOW HITPOINT WARNING * * *
The ice devil freezes you!!
You feel a terrible chill!
You die...

.... # #..# #. #..#
##.###..# ........#
.....oo§##+###.....#
8...8.(4...........#
...ohoo@# #..... ##
##o###§)# #.... ..#
#.)# #...#..# #))#
#......# #.)#
#).....#
######))######)....##
..o.....)....)......#
.........).†)......##
##........)†)......#


You could see an orc high priest, an ice devil (summoned), a warg, 3 orc
priests, 2 orcs and a friendly +8 war axe of Uxzaprie {spect, rPois rN++ Dex-2}
(summoned).

Vanquished Creatures
  A boulder beetle (Lair:5)
  3 hydras
  A catoblepas (Lair:6)
  A merfolk avatar (Lair:6)
  6 death yaks (Lair:3)
  3 orc high priests (Orc:2)
  Nergalle (Lair:2)
  Pikel (D:8)
  2 harpies (Lair:6)
  2 orc knights (Orc:2)
  An ugly thing (D:11)
  2 orc sorcerers
  6 elephants (Lair:4)
  2 manticores (Lair:6)
  6 black mambas
  A torpor snail (Lair:6)
  2 centaur zombies
  Joseph (D:10)
  Maggie (D:7)
  11 cane toads
  14 komodo dragons
  5 rime drakes
  4 trolls
  A wind drake (Lair:6)
  6 polar bears
  A snapping turtle (Lair:6)
  15 blink frogs
  Sigmund (D:5)
  A shadow (D:11)
  Eustachio (D:6)
  8 wyverns
  5 basilisks
  61 yaks
  A wraith (D:11)
  8 vampire mosquitoes
  8 steam dragons
  6 wargs (Orc:2)
  2 nagas (Lair:4)
  A two-headed ogre zombie (D:11)
  Pargi (D:3)
  9 water moccasins
  An ice beast (D:7)
  8 orc warriors
  4 sky beasts
  6 black bears
  22 wolves
  A necrophage (D:6)
  3 ogres
  2 centaurs
  A phantom (D:10)
  7 bullfrogs
  A wyvern zombie (D:8)
  A gnoll sergeant (D:7)
  A troll zombie (D:11)
  3 wights (D:7)
  A howler monkey (D:9)
  2 jellies (D:6)
  4 hounds
  A bullfrog skeleton (D:6)
  4 gnoll shamans
  11 orc priests
  Jessica (D:3)
  An iguana (D:6)
  10 orc wizards
  5 ogre zombies (D:11)
  A hound zombie (D:5)
  A howler monkey zombie (D:9)
  A howler monkey skeleton (D:7)
  32 gnolls
  3 adders
  A shadow imp (D:5)
  A white imp (D:6)
  An ufetubus (D:5)
  An adder zombie (D:5)
  2 worms
  4 dart slugs
  36 orcs
  2 bats
  3 endoplasms (D:1)
  2 giant cockroaches
  5 hobgoblins
  4 kobolds
  3 quokkas
  2 ball pythons (D:2)
  2 frilled lizards
  4 goblins
  A goblin zombie (D:11)
  3 hobgoblin zombies (D:11)
  An orc skeleton (D:11)
  20 orc zombies (D:11)
  3 rats
453 creatures vanquished.

Vanquished Creatures (collateral kills)
  An adder (D:5)
1 creature vanquished.

Vanquished Creatures (others)
  An orc (D:9)
  68 fungi
  92 plants
161 creatures vanquished.

Grand Total: 615 creatures vanquished

Notes
Turn   | Place    | Note
-------+----------+-------------------------------------------
     0 | D:5      | croobank the Octopode Delver began the quest for the Orb.
     0 | D:5      | Reached XP level 1. HP: 16/16 MP: 1/1
   214 | D:1      | Reached XP level 2. HP: 11/21 MP: 2/2
   724 | D:1      | Reached XP level 3. HP: 24/26 MP: 3/3
  1740 | D:3      | Noticed Jessica
  1749 | D:3      | Killed Jessica
  1750 | D:3      | Reached XP level 4. HP: 29/31 MP: 4/4
  2005 | D:3      | Noticed Pargi
  2009 | D:3      | Identified 3 scrolls of acquirement {acquirement}
  2009 | D:3      | Acquired 337 gold pieces
  2279 | D:4      | Found a white marble altar of Elyvilon.
  2611 | D:4      | Found a staircase to the Ecumenical Temple.
  2619 | Temple   | Entered the Ecumenical Temple
  2687 | Temple   | Became a worshipper of Ashenzari the Shackled
  2725 | D:4      | Noticed a black bear
  2733 | D:4      | Killed a black bear
  2734 | D:4      | Reached skill level 3 in Axes
  2734 | D:4      | Reached skill level 1 in Slings
  2734 | D:4      | Reached XP level 5. HP: 15/36 MP: 5/5
  2850 | D:3      | Killed Pargi
  2851 | D:3      | Reached XP level 6. HP: 43/43 MP: 6/6
  3191 | D:4      | HP: 1/43 [gnoll (12)]
  3455 | D:5      | Noticed a sky beast
  3491 | D:5      | Acquired 1148 gold pieces
  3578 | D:5      | Noticed Sigmund
  3594 | D:5      | Killed Sigmund
  3595 | D:5      | Reached skill level 4 in Axes
  3595 | D:5      | Reached XP level 7. HP: 20/48 MP: 6/8
  3660 | D:5      | HP: 3/72 [gnoll shaman (11)]
  3790 | D:5      | HP: 2/48 [spore (14)]
  3791 | D:5      | Reached skill level 5 in Axes
  3978 | D:6      | Noticed Eustachio
  3978 | D:6      | Found Wetiomp's General Store.
  4019 | D:6      | Found Ygyota's Weapon Shop.
  4039 | D:6      | Found Hicsephi's Antique Armour Boutique.
  4055 | D:6      | Found Leclugu's Jewellery Shop.
  4063 | D:6      | Bought the ring of the Tortoise {AC+8} for 1408 gold pieces
  4063 | D:6      | Found the ring of the Tortoise {AC+8}
  4064 | D:6      | Acquired a +0 hat of stealth
  4067 | D:6      | Bought a ring of willpower for 275 gold pieces
  4172 | D:6      | Reached skill level 6 in Axes
  4172 | D:6      | Reached XP level 8. HP: 52/54 MP: 10/10
  4220 | D:6      | Killed Eustachio
  4324 | D:6      | Reached skill level 7 in Axes
  4432 | D:6      | Acquired 1053 gold pieces
  4434 | D:6      | Bought the +8 war axe of Uxzaprie {spect, rPois rN++ Dex-2}
                  | for 993 gold pieces
  4681 | D:6      | Bought a ring of see invisible for 165 gold pieces
  4693 | D:7      | Noticed Maggie
  4724 | D:7      | Found Sostroc's General Store.
  4730 | D:7      | Bought a +0 buckler for 49 gold pieces
  4824 | D:7      | Reached skill level 1 in Shields
  4848 | D:7      | Reached XP level 9. HP: 46/58 MP: 12/12
  4898 | D:7      | Found Hobu's Weapon Emporium.
  5137 | D:7      | Killed Maggie
  5138 | D:7      | Reached skill level 5 in Short Blades
  5183 | D:7      | Found Mijiuple's Assorted Antiques.
  5266 | D:7      | Bought a potion of might for 44 gold pieces
  5458 | D:8      | Noticed Pikel
  5467 | D:8      | Killed Pikel
  5468 | D:8      | Reached skill level 5 in Shields
  5468 | D:8      | Reached XP level 10. HP: 55/63 MP: 13/13
  5490 | D:8      | Found a sacrificial altar of Ru.
  5580 | D:8      | Found a shimmering blue altar of Sif Muna.
  5668 | D:8      | Reached skill level 1 in Spellcasting
  5711 | D:8      | You fall into a shaft and drop 3 floors!
  5762 | D:10     | Entered Level 10 of the Dungeon
  5769 | D:10     | Found a staircase to the Lair.
  5847 | D:10     | Reached skill level 5 in Spellcasting
  5853 | D:10     | Reached skill level 1 in Transmutations
  5853 | D:10     | Reached skill level 1 in Earth Magic
  6027 | D:9      | Reached XP level 11. HP: 41/69 MP: 19/19
  6448 | D:8      | Reached skill level 5 in Transmutations
  6448 | D:8      | Reached skill level 5 in Earth Magic
  6448 | D:8      | Reached XP level 12. HP: 74/74 MP: 20/23
  6454 | D:8      | Learned a level 4 spell: Petrify
  6479 | D:9      | Found Yqudeimu's Neck Hole.
  7059 | D:10     | Noticed Joseph
  7068 | D:10     | Killed Joseph
  7069 | D:10     | Reached skill level 8 in Axes
  7222 | D:10     | Found a basalt altar of Yredelemnul.
  7310 | Lair:1   | Entered Level 1 of the Lair of Beasts
  7336 | Lair:1   | Reached skill level 9 in Axes
  7649 | Lair:1   | Reached skill level 10 in Axes
  7784 | Lair:1   | Noticed a five-headed hydra
  7802 | Lair:1   | Killed a five-headed hydra
  8166 | Lair:2   | Reached skill level 11 in Axes
  8391 | Lair:2   | Reached XP level 13. HP: 77/79 MP: 24/24
  8459 | Lair:2   | Reached skill level 12 in Axes
  8694 | Lair:2   | Noticed Nergalle
  8703 | Lair:2   | Killed Nergalle
  8759 | Lair:2   | Reached skill level 13 in Axes
  9164 | Lair:3   | Found a staircase to the Swamp.
  9926 | Lair:3   | Reached skill level 14 in Axes
 10545 | Lair:4   | Reached skill level 15 in Axes
 10711 | Lair:4   | Acquired the ring "Zeleod" {rN+ MP-9 EV+4 Str+7}
 10915 | Lair:4   | Found a staircase to the Snake Pit.
 11112 | Lair:5   | Reached XP level 14. HP: 85/85 MP: 16/25
 11254 | Lair:5   | Found a dark tunnel.
 11275 | Lair:5   | Reached skill level 16 in Axes
 11640 | Lair:5   | Reached skill level 5 in Invocations
 11901 | Lair:6   | Entered Level 6 of the Lair of Beasts
 11927 | Lair:6   | Reached skill level 10 in Stealth
 11986 | Lair:6   | Found a viscous altar of Jiyva.
 11987 | Lair:6   | Found a staircase to the Slime Pits.
 12222 | Lair:6   | Found a runed translucent gate.
 12223 | Lair:6   | Found a runed translucent gate.
 12223 | Lair:6   | Found a runed translucent gate.
 12228 | Lair:6   | Noticed Igaqag's ghost (journeyman TrMo)
 13650 | D:11     | Found a staircase to the Orcish Mines.
 13694 | D:10     | Learned a level 2 spell: Wereblood
 13736 | Orc:1    | Entered Level 1 of the Orcish Mines
 13911 | Orc:2    | Entered Level 2 of the Orcish Mines
 14357 | Orc:2    | Reached skill level 5 in Conjurations
 14448 | Orc:2    | Reached XP level 15. HP: 41/90 MP: 15/26
 14450 | Orc:2    | Slain by an ice devil

Illustrated notes

Levels and vault maps discovered:
D:1:      minmay_arrival_checkered_box, layout_basic, minmay_pentomino_q2
D:2:      layout_loops_cross
D:3:      layout_loops_corners, serial_bayou, serial_bayou_pond_c,
          serial_bayou_lagoon_b, serial_bayou_pond_c, serial_bayou_pond_e,
          uniq_pargi, uniq_jessica
D:4:      layout_basic, marbit_many_paths, minmay_temple_entry_enclosed_plants,
          hex_intersection
D:5:      layout_rooms, uniq_sigmund
D:6:      layout_rooms, serial_shops, shop, nicolae_diamond_shop,
          nicolae_shop_advertising_works [nicolae_subvault_shop_adworks], shop,
          chequers_serial_rivers_micro_a, uniq_eustachio
D:7:      layout_cave_pools, serial_gnoll_camp, gnoll_camp_mini_shop,
          gnoll_camp_mini_loothouse, gnoll_camp_mini_sergeant,
          gnoll_camp_mini_shop, serial_shops, kennysheep_little_box, uniq_maggie
D:8:      layout_basic, lemuel_round_altar, mainiacjoe_overflow_catwalk,
          uniq_pikel
D:9:      layout_cave_pools, nicolae_shop_sticking_my_neck_out
D:10:     layout_roguey, general_overflow_altar, due_lair_maze_entry_diamond,
          uniq_joseph
D:11:     minmay_quarter_circles, layout_small_grid, zombieorc2_lemuel,
          bh_hangedman_babel_library
Temple:   mainiacjoe_temple_coin_purse
Lair:1:   layout_loops_ring, minmay_lair_oklob_items, lemuel_old_faithful,
          serial_bayou_shore_b
Lair:2:   layout_cave_pods, beast_lair_carwin_3, uniq_nergalle
Lair:3:   layout_cave_pods, minmay_swamp_entry_swarm, st_stairs_8
Lair:4:   layout_concentric_octagons, guppyfry_snake_entry_garden
Lair:5:   layout_gridlike, nicolae_volcano_entry_lava_flow,
          chequers_serial_rivers_marsh
Lair:6:   gammafunk_lair_ancient_temple, layout_big_grid, slime_altar_1,
          gammafunk_ghost_split, chequers_serial_rivers_small_3
Orc:1:    layout_caves, mines3_lemuel
Orc:2:    st_orc_town, layout_caves

Skill      XL: |  1  2  3  4  5  6  7  8  9 10 11 12 13 14 |
---------------+-------------------------------------------+-----
Stealth        | 7 8 9 13 | 13.3
Axes           | 3 4 6 7 11 15 16 | 16.0
Slings         | 1 |  1.8
Fighting       | 4 |  4.0
Invocations    | 2 3 4 8 |  8.0
Shields        | 3 5 6 |  6.4
Short Blades   | 6 7 |  7.6
Spellcasting   | 5 7 |  7.6
Transmutations | 2 5 6 |  6.0
Earth Magic    | 2 5 6 |  6.0
Conjurations   | 4 6 |  6.1
Dodging        | 3 |  3.9
Evocations     | |  0.1

Action                   |  1- 3 |  4- 6 |  7- 9 | 10-12 | 13-15 || total
-------------------------+-------+-------+-------+-------+-------++-------
Melee: Hand axe          |    62 |    53 |    87 |       |   126 ||   328
       Constrict         |    18 |    12 |    33 |    21 |    57 ||   141
       Tentacles         |    13 |    12 |    32 |    35 |   134 ||   226
       War axe           |       |       |    65 |   189 |   373 ||   627
       Short sword       |       |       |       |     5 |       ||     5
Throw: Dart              |       |     8 |    18 |       |     7 ||    33
       Throwing net      |       |     1 |       |       |       ||     1
 Cast: Petrify           |       |       |       |     1 |     2 ||     3
       Wereblood         |       |       |       |       |     6 ||     6
Invok: Curse Item        |       |       |     1 |     1 |       ||     2
       Shatter the Chain |       |       |     1 |     1 |       ||     2
Evoke: Wand              |       |     4 |     3 |     6 |    31 ||    44
  Use: Scroll            |       |     4 |     9 |     3 |     9 ||    25
       Potion            |       |     1 |     1 |     3 |    10 ||    15
 Stab: Sleeping          |    16 |     9 |    11 |    10 |    22 ||    68
       Invisible         |       |     1 |       |       |       ||     1
       Distracted        |       |       |       |     3 |    10 ||    13
       Paralysed         |       |       |       |     4 |     6 ||    10
       Petrifying        |       |       |       |       |     2 ||     2
Armor: Skin              |     3 |     2 |    60 |    45 |   107 ||   217
Dodge: Dodged            |    33 |    28 |    90 |   101 |   242 ||   494
Block: Buckler           |       |       |    11 |    51 |   126 ||   188

Table legend: (Time is in decaauts)
 A = Elapsed time spent in this place.
 B = Non-inter-level travel time spent in this place.
 C = Inter-level travel time spent in this place.
 D = Time resting spent in this place.
 E = Time spent auto-exploring this place.
 F = Levels seen in this place.
 G = Mean time per level.
                   A        B        C        D        E       F      G
               +--------+--------+--------+--------+--------+-----+--------+
         Total |  14342 |  13843 |    499 |   1168 |   7548 |  20 |  717.1 |
       Dungeon |   7517 |   7255 |    262 |    414 |   3806 |  11 |  683.4 |
        Temple |     81 |     68 |     13 |      0 |     51 |   1 |   81.0 |
          Lair |   6047 |   5837 |    210 |    754 |   3420 |   6 | 1007.8 |
  Orcish Mines |    695 |    682 |     13 |      0 |    271 |   2 |  347.5 |
               +--------+--------+--------+--------+--------+-----+--------+

Top non-repeatable levels by time:
  Lair:3: 1200 daAuts
  Lair:5: 1134 daAuts
  Lair:6: 1101 daAuts
  Lair:2: 990 daAuts
     D:3: 898 daAuts
     D:4: 887 daAuts
  Lair:4: 833 daAuts
     D:1: 818 daAuts
  Lair:1: 787 daAuts
    D:10: 750 daAuts
     D:2: 736 daAuts
     D:8: 718 daAuts
     D:7: 698 daAuts
     D:6: 676 daAuts
     D:5: 631 daAuts
